 Dungeon Crawl Stone Soup version 0.29.1-1-gd02db6906a (webtiles) character file.

Game seed: 18299640191474820092

204 Icepheonix32 the Caller (level 5, -5/35 HPs)
             Began as a Merfolk Summoner on Oct 6, 2022.
             Killed from afar by a white imp (7 damage)
             ... with a puff of frost
             ... on level 5 of the Dungeon.
             The game lasted 00:05:51 (5000 turns).

Icepheonix32 the Caller (Merfolk Summoner)          Turns: 5000, Time: 00:05:52

Health: -5/35      AC:  4    Str:  9    XL:     5   Next: 82%
Magic:  4/8        EV: 12    Int: 16    God:
Gold:   169        SH:  0    Dex: 14    Spells: 2/8 levels left

rFire   . . .      SeeInvis .   d - +2 whip (drain)
rCold   . . .      Faith    .   (no shield)
rNeg    . . .      Spirit   .   a - +0 robe
rPois   .          Reflect  .   (no helmet)
rElec   .          Harm     .   m - +0 cloak
rCorr   .          Rampage  .   (no gloves)
Will    .....                   f - +0 pair of boots
Stlth   ++........              (no amulet)
HPRegen 0.11/turn               (no ring)
MPRegen 0.11/turn               (no ring)

@: no status effects
A: (nimble swimmer 2), mertail
a: no special abilities


You were on level 5 of the Dungeon.
You visited 1 branch of the dungeon, and saw 5 of its levels.

You collected 169 gold pieces.

Inventory:

Hand Weapons
 d - a +2 whip of draining (weapon)
 h - a +1 short sword
 k - a +0 scimitar
Missiles
 i - 5 boomerangs
Armour
 a - a +0 robe (worn)
 f - a +0 pair of boots (worn)
 m - a +0 cloak (worn)
Scrolls
 c - 3 scrolls of identify
 e - a scroll of butterflies
 g - a scroll of fear
 j - 3 scrolls of teleportation
Potions
 b - a potion of magic
 l - a potion of berserk rage
 n - a potion of lignification


   Skills:
 - Level 2.6 Dodging
 - Level 2.1 Stealth
 - Level 2.0 Spellcasting
 + Level 6.9 Summonings


You had 2 spell levels left.
You knew the following spells:

 Your Spells              Type           Power      Damage    Failure   Level
a - Summon Small Mammal   Summ           92%        N/A       1%          1
b - Call Imp              Summ           23%        N/A       1%          2
c - Call Canine Familiar  Summ           23%        N/A       3%          3

Your spell library contained the following spells:

 Spells                   Type           Power      Damage    Failure   Level
 Summon Guardian Golem    Hex/Summ       12%        N/A       16%         3
 Summon Lightning Spire   Summ/Air       12%        N/A       45%         4


Dungeon Overview and Level Annotations

Branches:
Dungeon (5/15)
 Temple: D:4-7

Altars:

Shops:
D:1 (

Annotations:
D:4 Sigmund


Innate Abilities, Weirdness & Mutations

((You are very nimble when in or above water. (Stealth+, EV+, Speed+++)))
Your lower body shifts to a powerful aquatic tail in water.


Message History

Unknown command.
You swap places.
You swap places.
You swap places.
You open the door.
An orc and a white imp come into view.
The white imp shouts!
The orc shouts!
You swap places.
There is an open door here.
You swap places.
The white imp gestures at you. The puff of frost hits you!
The orc closely misses you.
You hit the orc. You drain the orc.
The orc is heavily wounded.
The white imp gestures at you. The puff of frost hits you!
The orc hits you with a +0 whip.
* * * LOW HITPOINT WARNING * * *
You hit the orc.
You kill the orc!
The white imp hits you.
* * * LOW HITPOINT WARNING * * *
The white imp freezes you.
* * * LOW HITPOINT WARNING * * *
The white imp gestures at you. The puff of frost misses you.
Things that are here:
a +0 whip; a +0 leather armour
Okay, then.
You are too injured to fight recklessly!
Casting: Call Canine Familiar (dangerous; 3% risk of failure)
Confirm with . or Enter, or press ? or * to list all spells.
The white imp hits you.
* * * LOW HITPOINT WARNING * * *
The white imp freezes you.
* * * LOW HITPOINT WARNING * * *
Casting: Summon Small Mammal (safe; 1% risk of failure)
Confirm with . or Enter, or press ? or * to list all spells.
The white imp gestures at you. The puff of frost hits you!
You die...

### ## #.###
#.#+ #..<#
##...#######.###
+......#.....#
##......#.#####
#...h.r5#.#
#.....@b'.#
#....b.b#.#
##......#b#
+......#.#
##...###.# #.#+
... ## #[. #...
#...


You could see a white imp (ally target), a friendly hound (summoned) and a
friendly quokka (summoned).

Vanquished Creatures
  A gnoll (D:3)
  2 adders (D:3)
  A worm (D:2)
  2 dart slugs (D:1)
  2 orcs
  4 ball pythons
  2 endoplasms
  2 giant cockroaches
  5 hobgoblins
  A jackal (D:1)
  2 bats
  3 frilled lizards
  2 kobolds
  4 rats
33 creatures vanquished.

Vanquished Creatures (collateral kills)
  A phantom (D:4)
  2 gnolls (D:3)
  3 adders
  An endoplasm (D:4)
  2 giant cockroaches (D:1)
  A goblin (D:3)
  A hobgoblin (D:2)
  3 jackals (D:1)
  2 kobolds
  2 quokkas
  A ball python (D:3)
  2 bats
  A frilled lizard (D:2)
  A rat (D:1)
23 creatures vanquished.

Grand Total: 56 creatures vanquished

Notes
Turn   | Place    | Note
-------+----------+-------------------------------------------
     0 | D:1      | Icepheonix32 the Merfolk Summoner began the quest for the
                  | Orb.
     0 | D:1      | Reached XP level 1. HP: 13/13 MP: 3/3
   403 | D:1      | Reached XP level 2. HP: 10/19 MP: 3/5
   865 | D:1      | Learned a level 2 spell: Call Imp
   947 | D:1      | Found Veacaup's Weapon Shoppe.
  1181 | D:1      | You fall into a shaft and drop 1 floor!
  1351 | D:2      | Reached XP level 3. HP: 14/24 MP: 3/6
  1582 | D:2      | Learned a level 3 spell: Call Canine Familiar
  1659 | D:2      | Reached skill level 5 in Summonings
  2292 | D:1      | Found a faded altar of an unknown god.
  2831 | D:2      | Reached XP level 4. HP: 23/30 MP: 5/7
  3654 | D:3      | Reached skill level 6 in Summonings
  3664 | D:3      | Reached XP level 5. HP: 29/35 MP: 0/8
  4351 | D:4      | Noticed an ogre
  4397 | D:4      | Noticed Sigmund
  4459 | D:4      | Noticed a phantom
  4489 | D:4      | Killed a phantom
  4815 | D:5      | Entered Level 5 of the Dungeon
  5000 | D:5      | Killed from afar by a white imp

Illustrated notes

Levels and vault maps discovered:
D:1:      nzn_arrival_depleted_hourglass, layout_basic,
          hellmonk_ecumenical_altar_inner_sanctum, serial_shops,
          nicolae_shop_bloodbath_and_beyond, hangedman_decor_lopped
D:2:      layout_basic, nrook_campfire, minmay_crystal_water,
          hangedman_decor_clover_reticule, chequers_serial_rivers_room_b
D:3:      layout_basic
D:4:      layout_basic, st_stairs_12, uniq_pikel, uniq_sigmund
D:5:      nicolae_cairo_tiling_very_big, layout_basic, portal_sewer_entry_e

Skill      XL: |  1  2  3  4 |
---------------+-------------+-----
Summonings     | 5 6 |  6.9
Dodging        | |  2.6
Stealth        | |  2.1
Spellcasting   | |  2.0

Action                   |  1- 3 |  4- 6 || total
-------------------------+-------+-------++-------
Melee: Unarmed           |    39 |       ||    39
       Short sword       |    74 |    38 ||   112
       Whip              |       |    26 ||    26
 Cast: Summon Small Mamm |     7 |     5 ||    12
       Call Imp          |    15 |     4 ||    19
       Call Canine Famil |       |     6 ||     6
  Use: Scroll            |       |     5 ||     5
       Potion            |       |     2 ||     2
 Stab: Sleeping          |     2 |     3 ||     5
       Distracted        |       |     1 ||     1
Armor: Robe              |    37 |    10 ||    47
Dodge: Dodged            |    72 |    38 ||   110
